 Dungeon Crawl Stone Soup version 0.19.5 (webtiles) character file.

28 equalderp2856 the Ducker (level 3, -2/14 HPs)
             Began as a Felid Ice Elementalist on Apr 1, 2017.
             Killed by miscasting Summon Ice Beast (16 damage)
             ... on level 1 of the Dungeon.
             The game lasted 00:05:03 (2797 turns).

equalderp2856 the Ducker (Felid Ice Elementalist)   Turns: 2797, Time: 00:05:04

Health: -2/14      AC:  1    Str:  4    XL:     3   Next: 0%
Magic:  12/16      EV: 20    Int: 16    God:
Gold:   32         SH:  0    Dex: 17    Spells: 2 memorised, 1 level left
                                        Lives:  0   Deaths: 1

rFire  . . .     SeeInvis +     (weapon unavailable)
rCold  . . .     Gourm    .     (armour unavailable)
rNeg   . . .     Faith    .     (shield unavailable)
rPois  .         Spirit   .     (helmet unavailable)
rElec  .         Reflect  .     (cloak unavailable)
rCorr  .         Harm     .     (gloves unavailable)
MR     .....                    (boots unavailable)
Stlth  +++.......               (no amulet)
                                (no ring)
                                f - ring of magical power

@: very slightly contaminated, quick
A: no armour, no weapons or thrown items, stealth, claws 1, fangs 3, see
invisible, carnivore 3, speed 1, shaggy fur 1, slow metabolism 1, sharp paws
a: no special abilities


You were on level 1 of the Dungeon.
You were not hungry.

You visited 1 branch of the dungeon, and saw 2 of its levels.

You collected 32 gold pieces.

Inventory:

Jewellery
 f - a ring of magical power (left paw)
 g - an uncursed ring of magical power
Scrolls
 e - 2 scrolls of blinking {unknown}
 h - a scroll of identify {unknown}
Potions
 c - a potion of agility {unknown}
 d - a potion of invisibility {unknown}
Books
 a - a book of Frost

   Spells                             Type                      Level
   a - Freeze                         Ice                          1
   b - Throw Frost                    Conjuration/Ice              2
   c - Ozocubu's Armour               Charms/Ice                   3
   d - Throw Icicle                   Conjuration/Ice              4
   e - Summon Ice Beast               Ice/Summoning                4
Comestibles
 b - 2 meat rations


   Skills:
 + Level 4.5 Dodging
 + Level 4.3 Stealth
 + Level 0.2 Unarmed Combat
 - Level 2.0 Spellcasting
   Level 0.8 Conjurations
 - Level 2.8 Ice Magic


You had one spell level left.
You knew the following spells:

 Your Spells              Type           Power        Failure   Level  Hunger
a - Freeze                Ice            ##..         10%         1    #......
b - Summon Ice Beast      Ice/Summ       #.......     96%         4    #####..


Dungeon Overview and Level Annotations

Branches:
Dungeon (2/15)

Altars:


Innate Abilities, Weirdness & Mutations

You cannot wear armour.
You are incapable of wielding weapons or throwing items.
Your paws allow you to move quietly. (Stealth)
You have sharp claws.
You have razor-sharp teeth.
You have supernaturally acute eyesight. (SInv)
You are carnivorous and can eat meat at any time.
You cover ground quickly.
You are covered in fur. (AC +1)
You have a slow metabolism.
Your sharp claws are effective at attacking unaware monsters.


Message History

Confirm with . or Enter, or press ? or * to list all spells.
The spell is very dangerous to cast!
Continue anyway?
You miscast Summon Ice Beast.
You are very lightly contaminated with residual magic.
Freezing gases pour from your paws!
You are engulfed in freezing vapours.
Ouch! That really hurt!
You die...
You are now level 3!
You rejoin the land of the living...
There is a stone staircase leading down here.
You see here the felid corpse of equalderp2856.
Casting: Summon Ice Beast
Confirm with . or Enter, or press ? or * to list all spells.
The spell is very dangerous to cast!
Continue anyway?
You miscast Summon Ice Beast.
You are very lightly contaminated with residual magic.
You are caught in an explosion of ice and frost!
The explosion engulfs you!
Ouch! That really hurt!
You die...

#.##..# #. #.###.### ###### #.
#.# #...###....# #. #.#
#.#.....#..#### #. #.#
#....#........#####. #.#
#.#.....#.##.#...... #.#
#...................
#.#####.#####.##.#....#.
#......@.......(...##.#.
###################.#....#....#.
#.........†.......#......######.
#.###############.#.##..........
#...#.#.........#.#...#.##.##...
###.#.......###.#.#.#(#.##.#####
#.#.#.###.....#.#.#(#..#.# #..
#.#.#.....#####.###.#..#.# #..
#[#.####...........)#..#.# #..


There were no monsters in sight!

Vanquished Creatures
  An adder (D:2)
  2 oozes (D:1)
  3 dart slugs
  A leopard gecko (D:1)
  3 giant cockroaches
  5 goblins
  6 hobgoblins (D:1)
  4 bats
  2 frilled lizards (D:1)
  10 kobolds
  6 rats (D:1)
43 creatures vanquished.

Notes
Turn   | Place    | Note
-------+----------+-------------------------------------------
     0 | D:1      | equalderp2856 the Felid Ice Elementalist began the quest for the Orb.
     0 | D:1      | Reached XP level 1. HP: 7/7 MP: 4/4
   410 | D:1      | Reached XP level 2. HP: 10/11 MP: 0/6
   818 | D:1      | Reached XP level 3. HP: 11/14 MP: 6/7
  2216 | D:2      | Reached XP level 4. HP: 18/18 MP: 8/8
  2282 | D:1      | Learned a level 4 spell: Summon Ice Beast
  2283 | D:1      | Noticed a chaos spawn
  2283 | D:1      | Noticed a rust devil
  2781 | D:1      | Engulfed by a cloud of freezing vapour
  2782 | D:1      | Reached XP level 3. HP: -3/14 MP: 13/16
  2797 | D:1      | Killed by miscasting Summon Ice Beast

Skill      XL: |  1  2  3 |
---------------+----------+-----
Dodging        | 3 4 |  4.5
Stealth        | 3 4 |  4.3
Unarmed Combat | |  0.2
Spellcasting   | |  2.0
Conjurations   | |  0.8
Ice Magic      | |  2.8

Action                   |  1- 3 |  4- 6 || total
-------------------------+-------+-------++-------
Melee: Unarmed           |     6 |       ||     6
       Bite              |     1 |       ||     1
 Cast: Freeze            |    75 |     2 ||    77
  Eat: Chunk             |     4 |     1 ||     5
Armor: Skin              |     3 |       ||     3
Dodge: Dodged            |    46 |       ||    46
